 Dungeon Sprint DCSS version 0.21.0-3-g78d12a8bdd (webtiles) character file.

11200000 Quolop the Conqueror (level 27, -13/323 HPs)
             Began as an Ogre Warper on Jan 12, 2018.
             Was the Champion of Makhleb.
             Mangled by a scourge (16 damage)
             ... in the Dungeon (Sprint VIII: "Arena of Blood").
             The game lasted 00:07:01 (112 turns).

Quolop the Conqueror (Ogre Warper)                   Turns: 112, Time: 00:07:02

Health: -13/323    AC:  5    Str: 32    XL:     27
Magic:  31/54      EV: 21    Int: 14    God:    Makhleb [******]
Gold:   0          SH:  0    Dex:  8    Spells: 80/80 levels left

rFire    . . .     SeeInvis +   l - +∞ Axe of Woe
rCold    . . .     Gourm    .   (shield currently unavailable)
rNeg     . . .     Faith    .   b - +0 robe
rPois    .         Spirit   .   (helmet restricted)
rElec    .         Reflect  .   (no cloak)
rCorr    .         Harm     .   (gloves unavailable)
MR       ++...     NoTele   +   (boots unavailable)
Stlth    +++++++++.             (no amulet)
HPRegen  0.63/turn              m - ring of see invisible
MPRegen  0.34/turn              (no ring)

@: lethally poisoned (-13 -> -59), very slightly contaminated
A: large, unfitting armour, tough skin 1
a: Minor Destruction, Lesser Servant of Makhleb, Major Destruction, Greater
Servant of Makhleb, Renounce Religion


You were in the Dungeon.
You worshipped Makhleb.
Makhleb was exalted by your worship.
You were not hungry.

You visited 1 branch

Inventory:

Hand Weapons
 a - a +0 hand axe
 l - the +∞ Axe of Woe (weapon)
   (You found it in the Dungeon)
Missiles
 e - 5 tomahawks of dispersal (quivered)
Armour
 b - a +0 robe (worn)
Jewellery
 m - a ring of see invisible (left hand)
Scrolls
 d - a scroll of blinking
Potions
 g - a potion of curing
 h - a potion of heal wounds
 i - a potion of haste
 j - 2 potions of magic
 k - a potion of berserk rage
Books
 c - a book of Spatial Translocations

   Spells                             Type                      Level
   a - Blink                          Translocation                2
   b - Shroud of Golubria             Charms/Translocation         2
   c - Lesser Beckoning               Translocation                3
   d - Gell's Gravitas                Translocation                3
   e - Teleport Other                 Translocation                3
   f - Passage of Golubria            Translocation                4
Comestibles
 f - a ration


   Skills:
 O Level 27 Fighting
 O Level 27 Axes
 O Level 27 Throwing
 O Level 27 Armour
 O Level 27 Dodging
 O Level 27 Stealth
 O Level 27 Unarmed Combat
 O Level 27 Spellcasting
   Level 2.6 Translocations
 O Level 27 Invocations
 O Level 27 Evocations


You had 80 spell levels left.
You didn't know any spells.

Dungeon Overview and Level Annotations

Branches:
Dungeon (1/1)

Altars:
Makhleb


Innate Abilities, Weirdness & Mutations

You are too large for most types of armour.
You have tough skin. (AC +1)


Message History

The bolt of poison hits you!
You are more poisoned.
* * * LOW HITPOINT WARNING * * *
You hear a shout!
* * * LOW HITPOINT WARNING * * *
You feel very sick.
You hear a shout! x3
The dread throws damnation at you.
The sphere of damnation explodes!
The damnation engulfs you!
* * * LOW HITPOINT WARNING * * *
You hear a shout! x7 3 orcs come into view.
* * * LOW HITPOINT WARNING * * *
You feel very sick.
You hear a shout! x3
The dread calls on the powers of darkness!
The scourge convulses! x2; You feel a surge of unholy energy.
You hear a shout! x4
The scourge bites you!
You die...

.......§..))))§..#
... ......#))..§§#
... ..L......§§§§#
. ......#..S§§§# .
.........§§§§#
......##W.§§§# #.
§............# ..
....###.....# ..
.........S@# ..
.........# .
........=#
#........#
.........# ..
.#..#....# #.
..#.....#
ooo#....#


You could see 2 scourges, a dread and 3 bags of meat.

Vanquished Creatures
  Sigmund (D)
  2 hell beasts (D)
  2 greater mummies (D)
  3 wraiths (D)
  9 vampire knights (D)
  6 liches (D)
  73 orcs (D)
  2 phantoms (D)
  4 skeletal warriors (D)
  5 small abominations (D)
  7 large abominations (D)
  5 crawling corpses (D)
  26 ogres (D)
  9 two-headed ogres (D)
154 creatures vanquished.

Vanquished Creatures (others)
  4 crawling corpses (D)
4 creatures vanquished.

Grand Total: 158 creatures vanquished

Notes
Turn   | Place    | Note
-------+----------+-------------------------------------------
     0 | D        | Found the +∞ Axe of Woe
     0 | D        | Quolop the Ogre Warper began the quest for the Orb.
     0 | D        | Reached XP level 1. HP: 22/22 MP: 3/3
     2 | D        | Noticed a bag of meat
     3 | D        | Became a worshipper of Makhleb the Destroyer
     6 | D        | Noticed a bag of meat
     6 | D        | Noticed a bag of meat
     6 | D        | Noticed a bag of meat
     6 | D        | Noticed a meat berserker
     7 | D        | Noticed a bag of meat
     7 | D        | Noticed a bag of meat
     8 | D        | Noticed a bag of meat
     8 | D        | Noticed a bag of meat
     9 | D        | Noticed a bag of meat
     9 | D        | Noticed a bag of meat
     9 | D        | Noticed a bag of meat
     9 | D        | Noticed a bag of meat
     9 | D        | Killed a bag of meat
     9 | D        | Reached skill level 15 in Fighting
     9 | D        | Reached skill level 15 in Dodging
     9 | D        | Reached skill level 15 in Spellcasting
     9 | D        | Reached XP level 2. HP: 58/58 MP: 3/18
     9 | D        | Reached XP level 3. HP: 66/66 MP: 3/20
     9 | D        | Reached XP level 4. HP: 75/75 MP: 3/21
     9 | D        | Reached XP level 5. HP: 83/83 MP: 3/23
     9 | D        | Reached XP level 6. HP: 92/92 MP: 3/24
     9 | D        | Reached XP level 7. HP: 100/100 MP: 3/26
     9 | D        | Reached XP level 8. HP: 110/110 MP: 3/27
     9 | D        | Reached XP level 9. HP: 118/118 MP: 3/28
     9 | D        | Reached XP level 10. HP: 127/127 MP: 3/29
     9 | D        | Reached XP level 11. HP: 135/135 MP: 3/30
     9 | D        | Reached XP level 12. HP: 144/144 MP: 3/31
     9 | D        | Noticed a bag of meat
    10 | D        | Noticed a bag of meat
    10 | D        | Noticed a bag of meat
    10 | D        | Noticed a bag of meat
    10 | D        | Noticed a bag of meat
    10 | D        | Noticed a meat berserker
    10 | D        | Noticed a meat berserker
    10 | D        | Killed a meat berserker
    10 | D        | Reached * piety under Makhleb
    10 | D        | Reached skill level 5 in Throwing
    10 | D        | Reached XP level 13. HP: 83/165 MP: 3/36
    10 | D        | Reached XP level 14. HP: 87/174 MP: 3/37
    10 | D        | Killed a bag of meat
    11 | D        | Noticed a bag of meat
    11 | D        | Noticed a meat berserker
    11 | D        | Killed a bag of meat
    11 | D        | Reached XP level 15. HP: 135/189 MP: 3/40
    11 | D        | Reached ** piety under Makhleb
    12 | D        | Reached XP level 16. HP: 206/206 MP: 4/43
    13 | D        | Noticed a meat berserker
    13 | D        | Reached *** piety under Makhleb
    13 | D        | Reached XP level 17. HP: 224/224 MP: 4/46
    13 | D        | Reached skill level 27 in Fighting
    14 | D        | Noticed a meat berserker
    14 | D        | Noticed a meat berserker
    14 | D        | Killed a meat berserker
    14 | D        | Reached **** piety under Makhleb
    14 | D        | Reached skill level 27 in Dodging
    14 | D        | Reached skill level 27 in Spellcasting
    14 | D        | Reached XP level 18. HP: 236/236 MP: 4/49
    14 | D        | Reached skill level 27 in Axes
    15 | D        | Killed a meat berserker
    15 | D        | Reached XP level 19. HP: 232/245 MP: 4/50
    15 | D        | Reached ***** piety under Makhleb
    15 | D        | Reached skill level 27 in Throwing
    16 | D        | Noticed a meat berserker
    16 | D        | Reached skill level 10 in Invocations
    16 | D        | Killed a meat berserker
    16 | D        | Killed a meat berserker
    16 | D        | Reached skill level 15 in Unarmed Combat
    16 | D        | Reached XP level 20. HP: 256/256 MP: 5/51
    17 | D        | Killed a meat berserker
    17 | D        | Reached XP level 21. HP: 265/265 MP: 5/52
    19 | D        | Noticed a meat berserker
    19 | D        | Noticed a meat berserker
    19 | D        | Noticed a meat berserker
    19 | D        | Killed a meat berserker
    21 | D        | Noticed a meat berserker
    22 | D        | Killed a meat berserker
    22 | D        | Reached XP level 22. HP: 17/275 MP: 6/53
    22 | D        | Reached ****** piety under Makhleb
    22 | D        | Reached skill level 27 in Stealth
    22 | D        | Reached skill level 27 in Invocations
    22 | D        | Reached XP level 23. HP: 127/284 MP: 6/54
    22 | D        | Reached skill level 27 in Unarmed Combat
    23 | D        | Noticed a large bag of meat
    23 | D        | Noticed a destroyer
    23 | D        | Noticed a large bag of meat
    23 | D        | Noticed a large bag of meat
    24 | D        | Killed a large bag of meat
    24 | D        | Reached skill level 27 in Armour
    25 | D        | Reached XP level 24. HP: 295/295 MP: 7/54
    27 | D        | Reached XP level 25. HP: 304/304 MP: 7/54
    30 | D        | Reached XP level 26. HP: 314/314 MP: 8/54
    30 | D        | Killed a large bag of meat
    32 | D        | Reached XP level 27. HP: 323/323 MP: 9/54
    33 | D        | Killed a large bag of meat
    35 | D        | Reached skill level 27 in Evocations
    35 | D        | Noticed a destroyer
    38 | D        | Killed a destroyer
    41 | D        | Killed a destroyer
    44 | D        | Noticed a destroyer
    44 | D        | Noticed a destroyer
    45 | D        | Noticed a destroyer
    49 | D        | Killed a destroyer
    52 | D        | Noticed a tyrant
    57 | D        | Noticed a tyrant
    57 | D        | Killed a tyrant
    58 | D        | Killed a destroyer
    60 | D        | Noticed a tyrant
    64 | D        | Noticed a dread
    64 | D        | Killed a destroyer
    64 | D        | Killed a tyrant
    66 | D        | Noticed a destroyer
    66 | D        | Noticed a dread
    68 | D        | Noticed The Captor
    68 | D        | Noticed a large bag of meat
    68 | D        | Noticed a tyrant
    68 | D        | Noticed a large bag of meat
    68 | D        | Noticed an accursed
    68 | D        | Noticed a dread
    68 | D        | Noticed a meat beast
    71 | D        | Killed a meat beast
    72 | D        | Noticed a large bag of meat
    72 | D        | Killed The Captor
    72 | D        | Killed a dread
    72 | D        | Killed a destroyer
    73 | D        | Killed a dread
    74 | D        | Noticed a tyrant
    74 | D        | Noticed an accursed
    76 | D        | Killed a large bag of meat
    76 | D        | Killed a tyrant
    79 | D        | Noticed a destroyer
    81 | D        | Noticed a destroyer
    81 | D        | Killed a large bag of meat
    83 | D        | Killed a dread
    84 | D        | Killed a destroyer
    86 | D        | Noticed a meat beast
    86 | D        | Killed an accursed
    87 | D        | Killed a destroyer
    90 | D        | Killed a meat beast
    92 | D        | Killed a tyrant
    93 | D        | Noticed a tyrant
    93 | D        | Noticed a large bag of meat
    94 | D        | Noticed a destroyer
    95 | D        | Noticed a large bag of meat
    95 | D        | Noticed a large bag of meat
    98 | D        | Killed a tyrant
    99 | D        | Killed a destroyer
   100 | D        | Killed a large bag of meat
   101 | D        | Noticed a dread
   102 | D        | Killed a large bag of meat
   102 | D        | Killed an accursed
   104 | D        | Killed a large bag of meat
   105 | D        | Killed a large bag of meat
   107 | D        | Killed a tyrant
   111 | D        | HP: 7/323 [dread/damnation (21)]
   112 | D        | HP: 3/323 [poisoned by a scourge (bolt of poison)]
   112 | D        | Mangled by a scourge

Skill      XL: |  1  2  3  4  5  6  7  8  9 10 11 12 13 14 15 16 17 18 19 20 21 22 23 24 25 26 27 |
---------------+----------------------------------------------------------------------------------+-----
Fighting       | 15 19 22 23 26 27 | 27.0
Axes           | 13 17 19 21 23 26 27 | 27.0
Throwing       | 4 5 6 7 8 9 26 27 | 27.0
Dodging        | 15 19 21 23 25 27 | 27.0
Spellcasting   | 15 19 21 23 25 27 | 27.0
Armour         | 14 17 20 24 27 | 27.0
Stealth        | 14 17 24 27 | 27.0
Unarmed Combat | 15 18 21 26 27 | 27.0
Invocations    | 18 21 24 27 | 27.0
Evocations     | 27 | 27.0
Translocations | |  2.6

Action                   |  1- 3 |  4- 6 |  7- 9 | 10-12 | 13-15 | 16-18 | 19-21 | 22-24 | 25-27 || total
-------------------------+-------+-------+-------+-------+-------+-------+-------+-------+-------++-------
Melee: Executioner's axe |     1 |       |       |     1 |     2 |     3 |     5 |     4 |    52 ||    68
  Use: Scroll            |       |       |       |       |       |       |       |       |     1 ||     1
 Stab: Distracted        |       |       |       |       |       |       |       |       |     1 ||     1
Dodge: Dodged            |       |       |       |       |       |       |       |       |     5 ||     5
